 Dungeon Sprint DCSS version 0.28-a0-1412-gf95308ed99 (webtiles) character file.

Game seed: 7071948519719539903

462 brmiller01 the Spear-Bearer (level 6, -10/102 HPs)
             Began as a Minotaur Berserker on Jan 6, 2022.
             Was a Believer of Trog.
             Mangled by Kirke (15 damage)
             ... in the Dungeon (Sprint II: "The Violet Keep of Menkaure").
             The game lasted 00:01:13 (595 turns).

brmiller01 the Spear-Bearer (Minotaur Berserker)     Turns: 595, Time: 00:01:13

Health: -10/102    AC:  0    Str: 23    XL:     6   Next: 79%
Magic:  5/5        EV: 15    Int:  4    God:    Trog [**....]
Gold:   243        SH:  0    Dex: 10    Spells: 5/5 levels left

rFire   . . .      SeeInvis .   (weapon currently unavailable)
rCold   . . .      Faith    .   (shield currently unavailable)
rNeg    . . .      Spirit   .   (armour currently unavailable)
rPois   .          Reflect  .   (helmet currently unavailable)
rElec   .          Harm     .   (cloak currently unavailable)
rCorr   .          Rampage  .   (gloves currently unavailable)
Will    .....      NoTele   +   (boots currently unavailable)
Stlth   ..........              (no amulet)
HPRegen 0.27/turn               (ring currently unavailable)
MPRegen 0.09/turn               (ring currently unavailable)

@: berserking, pig-form, hasted and slowed, very quick
A: fast, no casting, small, (horns 2), (retaliatory headbutt)
a: Renounce Religion, Berserk, Trog's Hand


You were in the Dungeon.
You worshipped Trog.
Trog was pleased with you.
You were a filthy swine.
You visited 1 branch You collected 243 gold pieces.

Inventory:

Hand Weapons
 a - a +0 spear (melded)
Armour
 b - a +0 animal skin (melded)
Scrolls
 h - a scroll of blinking
Potions
 c - a potion of curing
 f - 2 potions of magic
 g - a potion of berserk rage


   Skills:
 + Level 11.3 Fighting
 * Level 11.6 Polearms
 + Level 6.4 Armour
 - Level 5.5 Dodging


You had 5 spell levels left.
You didn't know any spells.
Your spell library was empty.

Dungeon Overview and Level Annotations

Branches:
Dungeon (1/1)

Altars:

Shops:
D [

Annotations:
D Kirke


Innate Abilities, Weirdness & Mutations

You are a filthy swine.
You move quickly.
Your equipment is almost entirely melded.
You are incapable of wielding weapons or throwing items.
You cannot cast spells.
((You have a pair of horns on your head.))
((You reflexively headbutt those who attack you in melee.))


Message History

You feel yourself slow down.
You closely miss Kirke.
Kirke is lightly wounded.
You hit Kirke. You headbutt Kirke!
Kirke is lightly wounded.
Kirke hits you!
* * * LOW HITPOINT WARNING * * *
You feel much better. Kirke hits you! Kirke barely misses you.
You puncture Kirke!
Kirke is moderately wounded.
You hit Kirke but do no damage.
Kirke is moderately wounded.
Kirke hits you!
* * * LOW HITPOINT WARNING * * *
You feel yourself speed up. Kirke barely misses you. You furiously retaliate!
You headbutt Kirke!
Kirke gestures wildly while chanting.
Kirke summons a sphinx!
A red film seems to cover your vision as you go berserk!
You feel yourself moving faster!
You feel mighty!
Kirke points at you and mumbles some strange words.
You turn into a filthy swine.
Your +0 spear melds into your body.
Your +0 animal skin melds into your body.
The sphinx casts a spell.
Something smites you!
* * * LOW HITPOINT WARNING * * *
You barely miss Kirke.
Kirke is moderately wounded.
Kirke closely misses you.
You closely miss Kirke.
Kirke is moderately wounded.
Kirke gestures wildly while chanting.
Nothing appears to happen.
You bite Kirke!
Kirke is moderately wounded.
You bite Kirke!
Kirke is heavily wounded.
Kirke splashes a potion.
Kirke hits you!
You die... ##≈≈≈≈°§§## #≈§≈≈§≈≈≈≈## ≈§≈≈≈○°≈≈○# . §≈≈≈§°§≈ K@. §SSS§

###c≈#+++#+++##
##≈≈≈...cKH...#
.#≈≈≈≈.##@##..#
∩#≈≈≈≈##h#.##.#
.#≈≈≈≈#..#..#
.. .#≈≈#
##...## .. .#≈#
##'## .. .#≈
##.## . .+
+.<.+ ##.## #+#


You could see Kirke, a sphinx (summoned), a kobold demonologist and 2 lava
snakes.

Vanquished Creatures
  Menkaure (D)
  4 necrophages (D)
5 creatures vanquished.

Vanquished Creatures (others)
  A water moccasin (D)
1 creature vanquished.

Grand Total: 6 creatures vanquished

Notes
Turn   | Place    | Note
-------+----------+-------------------------------------------
     0 | D        | brmiller01 the Minotaur Berserker began the quest for the
                  | Orb.
     0 | D        | Reached XP level 1. HP: 19/19 MP: 0/0
     1 | D        | Noticed a necrophage
     1 | D        | Noticed a necrophage
     1 | D        | Noticed a necrophage
     1 | D        | Noticed a necrophage
     9 | D        | Killed a necrophage
    10 | D        | Reached XP level 2. HP: 22/34 MP: 1/1
    10 | D        | Reached XP level 3. HP: 25/39 MP: 2/2
    10 | D        | Reached XP level 4. HP: 31/47 MP: 3/3
    14 | D        | Killed a necrophage
    15 | D        | Reached XP level 5. HP: 31/56 MP: 4/4
    22 | D        | Killed a necrophage
    22 | D        | Reached ** piety under Trog
    23 | D        | Reached skill level 10 in Fighting
    23 | D        | Reached skill level 5 in Armour
    23 | D        | Reached skill level 5 in Dodging
    35 | D        | Killed a necrophage
    36 | D        | Reached skill level 10 in Polearms
    36 | D        | Reached XP level 6. HP: 14/67 MP: 5/5
   118 | D        | Killed a water moccasin
   336 | D        | Noticed Menkaure
   346 | D        | Killed Menkaure
   571 | D        | Found Ifojir's Antique Armour Boutique.
   571 | D        | Noticed Kirke
   571 | D        | Noticed a kobold demonologist
   571 | D        | Noticed a yaktaur captain
   591 | D        | Noticed a sphinx
   591 | D        | HP: 5/102 [sphinx/divine providence[Kirke] (13)]
   595 | D        | Mangled by Kirke

Illustrated notes

Levels and vault maps discovered:
D:        the_violet_keep_of_menkaure [sprint2_stairs_cluster_1,
          sprint2_shoproom, sprint2_temple, sprint2_basic_supplies,
          sprint2_obstacle_1, sprint2_obstacle_7, sprint2_obstacle_5,
          sprint2_obstacle_4, sprint2_obstacle_2, sprint2_timed_cluster_1,
          sprint2_smallroom_cluster_1, sprint2_smallroom_final_cluster_1,
          sprint2_transparent_cluster_1, sprint2_second_timed_cluster_1,
          sprint2_sniper_area_1, sprint2_heavy_combat_area_1,
          sprint2_mutation_trap_area_1, sprint2_forest_area_1,
          sprint2_light_combat_area_1, sprint2_behind_water_1,
          sprint2_near_end_vault_1]

Skill      XL: |  1  2  3  4  5  6 |
---------------+-------------------+-----
Fighting       | 7 8 10 11 | 11.3
Polearms       | 7 8 10 11 | 11.6
Armour         | 3 4 5 6 |  6.4
Dodging        | 3 4 5 |  5.5

Action                   |  1- 3 |  4- 6 || total
-------------------------+-------+-------++-------
Melee: Spear             |     8 |    40 ||    48
       Headbutt          |     1 |     8 ||     9
       Unarmed           |       |     4 ||     4
Invok: Berserk           |       |     1 ||     1
  Use: Potion            |       |     2 ||     2
Dodge: Dodged            |     3 |    12 ||    15

Table legend: (Time is in decaauts)
 A = Elapsed time spent in this place.
 B = Non-inter-level travel time spent in this place.
 C = Inter-level travel time spent in this place.
 D = Time resting spent in this place.
 E = Time spent auto-exploring this place.
 F = Levels seen in this place.
 G = Mean time per level.
                   A        B        C        D        E       F      G
               +--------+--------+--------+--------+--------+-----+--------+
         Total |    580 |    579 |      1 |    515 |      8 |   1 |  580.0 |
       Dungeon |    580 |    579 |      1 |    515 |      8 |   1 |  580.0 |
               +--------+--------+--------+--------+--------+-----+--------+

Top non-repeatable levels by time:
       D: 580 daAuts
